[Event "ICC tourney 2347 (3 2)"]
[Site "Internet Chess Club"]
[Date "2021.01.29"]
[Round "3"]
[White "escape18"]
[Black "marksheinin"]
[Result "1-0"]
[ICCResult "Black forfeits on time"]
[WhiteElo "1328"]
[BlackElo "693"]
[Opening "QGA: 3.e4"]
[ECO "D20"]
[NIC "QG.04"]
[Time "19:28:40"]
[PlyCount "51"]
[TimeControl "180+2"]

1. d4 d5 2. c4 dxc4 3. e4 Nf6 4. Nc3 Nc6 5. Bxc4 Nxd4 6. Be3 Nc6 7. Qxd8+
Nxd8 8. O-O-O e5 9. Nf3 Bb4 10. Nxe5 O-O 11. Nb5 Ne6 12. Bxe6 Bxe6 13. Kb1
Nxe4 14. Nxc7 Rac8 15. Nxe6 fxe6 16. f3 Nf6 17. Bxa7 Ra8 18. Bb6 Ra6 19.
Bc7 Rfa8 20. a3 Nd5 21. Nd3 Bc3 22. Rc1 Nxc7 23. Rxc3 Nd5 24. Rc4 Ne3 25.
Rc7 Rb6 26. Re1 { Black forfeits on time } 1-0

[Event "ICC tourney 2347 (3 2)"]
[Site "Internet Chess Club"]
[Date "2021.01.29"]
[Round "3"]
[White "Kyle2007"]
[Black "aarm2008"]
[Result "0-1"]
[ICCResult "White resigns"]
[WhiteElo "2038"]
[BlackElo "1709"]
[Opening "Caro-Kann: exchange, Rubinstein variation"]
[ECO "B13"]
[NIC "CK.02"]
[Time "19:28:29"]
[PlyCount "112"]
[TimeControl "180+2"]

1. e4 c6 2. d4 d5 3. exd5 cxd5 4. Bd3 Nf6 5. c3 Nc6 6. Bf4 Bg4 7. Qb3 Qb6
8. Nd2 Qxb3 9. axb3 e6 10. Ngf3 Kd7 11. O-O Bd6 12. Bxd6 Kxd6 13. Rfe1 Nd7
14. b4 f6 15. h3 Bh5 16. b5 Ne7 17. Ra3 Bg6 18. Bxg6 Nxg6 19. Rea1 Kc7 20.
Rxa7 Rxa7 21. Rxa7 Kb6 22. Ra1 Kxb5 23. Re1 Re8 24. h4 h5 25. b3 Kc6 26. c4
b5 27. Rc1 Kb6 28. c5+ Kc6 29. b4 e5 30. Nb3 Ra8 31. Na5+ Kc7 32. dxe5 fxe5
33. Ng5 Nf4 34. Kf1 Nd3 35. Rb1 Rxa5 36. Ne6+ Kc6 37. bxa5 N7xc5 38. Nxc5
Nxc5 39. Ke2 Ne4 40. Ra1 Nc3+ 41. Kd3 Na4 42. Kc2 Kb7 43. Kb3 Ka6 44. Kb4
Nb2 45. Re1 Nd3+ 46. Kc3 Nxe1 47. Kb4 Nxg2 48. Kc5 Kxa5 49. Kxd5 Nxh4 50.
Kxe5 b4 51. Kd4 Ka4 52. f4 Ka3 53. Kd3 b3 54. Kd2 b2 55. Kc2 Ka2 56. Kd3
b1=Q+ { White resigns } 0-1

[Event "ICC tourney 2347 (3 2)"]
[Site "Internet Chess Club"]
[Date "2021.01.29"]
[Round "3"]
[White "tinyattacker"]
[Black "predatorx"]
[Result "1-0"]
[ICCResult "Black checkmated"]
[WhiteElo "1216"]
[BlackElo "1815"]
[Opening "French: Steinitz variation"]
[ECO "C11"]
[NIC "FR.04"]
[Time "19:28:27"]
[PlyCount "191"]
[TimeControl "180+2"]

1. e4 e6 2. d4 d5 3. Nc3 Nf6 4. e5 Nfd7 5. Nf3 c5 6. Nb5 Qb6 7. Be3 a6 8.
Nc3 Qxb2 9. Na4 Qb4+ 10. c3 Qa5 11. dxc5 Nxc5 12. Nxc5 Bxc5 13. Bxc5 Qxc3+
14. Nd2 Qxc5 15. Rc1 Qxc1 16. Qxc1 Nc6 17. Nb3 O-O 18. Qe3 Rd8 19. Bd3 d4
20. Qh3 g6 21. O-O Nxe5 22. Re1 Nxd3 23. Qxd3 Bd7 24. Nxd4 Bb5 25. Qc3 Rac8
26. Qb2 Rd5 27. Nxb5 Rxb5 28. Qd2 Rd5 29. Qe3 Rcd8 30. h3 Kg7 31. Qc3+ Kg8
32. Qb4 Rd4 33. Qxb7 R4d6 34. Rc1 a5 35. Rc8 Kg7 36. Rxd8 Rxd8 37. Qb2+ Kg8
38. Qb6 Rd5 39. Qc6 Kg7 40. Qe8 Kf6 41. Qh8+ Kg5 42. Qxh7 f5 43. Qe7+ Kh6
44. Qb7 Re5 45. Qb2 Rd5 46. Qc1+ Kg7 47. Qb2+ Kf7 48. Kh2 Ke7 49. h4 Kf7
50. g3 Rc5 51. Qb6 Rd5 52. Qb7+ Kf6 53. Qb2+ e5 54. Qb6+ Kf7 55. Qc7+ Ke6
56. Qc6+ Rd6 57. Qc4+ Rd5 58. Qa6+ Rd6 59. Qxa5 e4 60. Qc7 Rd2 61. a4 Rxf2+
62. Kh3 Rf3 63. Qc4+ Ke5 64. Qc5+ Ke6 65. a5 f4 66. Qc6+ Ke5 67. Qc7+ Ke6
68. Qc6+ Ke5 69. Qc5+ Ke6 70. Qb6+ Ke5 71. Qc5+ Ke6 72. Qc6+ Ke5 73. Qxg6
fxg3 74. Qxg3+ Rxg3+ 75. Kxg3 Kd4 76. a6 Ke3 77. a7 Ke2 78. a8=Q e3 79. Qe4
Kd2 80. Kf4 e2 81. Kf3 e1=Q 82. Qxe1+ Kxe1 83. h5 Kd2 84. h6 Kd3 85. h7 Kd4
86. h8=Q+ Kd3 87. Qe8 Kd4 88. Qe4+ Kc5 89. Qd3 Kc6 90. Qd4 Kb5 91. Ke3 Kc6
92. Ke4 Kb5 93. Kd5 Ka6 94. Qb4 Ka7 95. Kc6 Ka6 96. Qa4# { Black checkmated
} 1-0

[Event "ICC tourney 2347 (3 2)"]
[Site "Internet Chess Club"]
[Date "2021.01.29"]
[Round "4"]
[White "Xuanli28"]
[Black "aarm2008"]
[Result "1-0"]
[ICCResult "Black resigns"]
[WhiteElo "2252"]
[BlackElo "1709"]
[Opening "Caro-Kann defense"]
[ECO "B15"]
[NIC "CK.02"]
[Time "19:42:28"]
[PlyCount "35"]
[TimeControl "180+2"]

1. e4 c6 2. d4 d5 3. Nd2 dxe4 4. Nxe4 Nf6 5. Ng3 e6 6. Nf3 Bd6 7. Bd3 Nbd7
8. O-O O-O 9. c3 Re8 10. Qc2 Nf8 11. Bg5 Ng6 12. h4 Bxg3 13. fxg3 h5 14.
Bxg6 fxg6 15. Qxg6 Rf8 16. Ne5 Bd7 17. Nxd7 Qxd7 18. Bxf6 { Black resigns }
1-0

[Event "ICC tourney 2347 (3 2)"]
[Site "Internet Chess Club"]
[Date "2021.01.29"]
[Round "4"]
[White "bananaplaychess"]
[Black "YertletheTurtle"]
[Result "0-1"]
[ICCResult "White resigns"]
[WhiteElo "610"]
[BlackElo "1569"]
[Opening "Nimzo-Indian: 4.e3 e8g8, 5.Nf3 d7d5"]
[ECO "E51"]
[NIC "NI.27"]
[Time "19:41:52"]
[PlyCount "58"]
[TimeControl "180+2"]

1. d4 Nf6 2. c4 e6 3. Nf3 Bb4+ 4. Nc3 d5 5. e3 O-O 6. Bd2 Bxc3 7. Bxc3 b6
8. Bd3 a5 9. O-O Ba6 10. a4 Bxc4 11. Bxc4 dxc4 12. Ne5 Qd5 13. f3 Nbd7 14.
e4 Qb7 15. Nxd7 Nxd7 16. Qd2 Rad8 17. Rad1 Nc5 18. b4 Nxa4 19. Ba1 axb4 20.
d5 c3 21. Qg5 exd5 22. Rd2 h6 23. Qg3 dxe4 24. Rxd8 Rxd8 25. fxe4 Qxe4 26.
Rd1 Rxd1+ 27. Kf2 Qe1+ 28. Kf3 Qxg3+ 29. hxg3 Rxa1 { White resigns } 0-1

[Event "ICC tourney 2347 (3 2)"]
[Site "Internet Chess Club"]
[Date "2021.01.29"]
[Round "4"]
[White "AidanMc2013"]
[Black "SimonMango"]
[Result "0-1"]
[ICCResult "White checkmated"]
[WhiteElo "464"]
[BlackElo "1149"]
[Opening "Sicilian defense"]
[ECO "B30"]
[NIC "SI.31"]
[Time "19:41:52"]
[PlyCount "44"]
[TimeControl "180+2"]

1. e4 c5 2. Nf3 Nc6 3. Bc4 e6 4. O-O d5 5. exd5 exd5 6. Re1+ Be7 7. Bd3 Nf6
8. Nc3 O-O 9. Re3 d4 10. Re1 dxc3 11. dxc3 Bg4 12. h3 Bh5 13. Qe2 Bd6 14.
Qe3 Re8 15. Qg5 Bxf3 16. gxf3 Rxe1+ 17. Kg2 h6 18. Qd5 Nxd5 19. c4 Ndb4 20.
Bd2 Rxa1 21. Bxb4 cxb4 22. Be4 Qg5# { White checkmated } 0-1

[Event "ICC tourney 2347 (3 2)"]
[Site "Internet Chess Club"]
[Date "2021.01.29"]
[Round "4"]
[White "predatorx"]
[Black "Edwardsong"]
[Result "1-0"]
[ICCResult "Black checkmated"]
[WhiteElo "1815"]
[BlackElo "475"]
[Opening "QGD: exchange variation"]
[ECO "D35"]
[NIC "QO.16"]
[Time "19:42:04"]
[PlyCount "75"]
[TimeControl "180+2"]

1. d4 d5 2. c4 Nf6 3. Nc3 e6 4. cxd5 Nxd5 5. e4 Nxc3 6. bxc3 Be7 7. Nf3 O-O
8. Bd3 Nc6 9. O-O Bd6 10. Qc2 e5 11. d5 Ne7 12. c4 b6 13. Bb2 Ba6 14. Nxe5
Bxe5 15. Bxe5 Ng6 16. Bd4 c5 17. Bc3 Qg5 18. f4 Nxf4 19. e5 Nh3+ 20. Kh1
Nf4 21. Bxh7+ Kh8 22. Be4 Bxc4 23. Bd2 Bxd5 24. Bxf4 Bxe4 25. Qxe4 Qh5 26.
Rf3 Kg8 27. Rh3 Qg6 28. Qf3 Rad8 29. Rf1 Rd3 30. Qxd3 Qxd3 31. Rxd3 f6 32.
exf6 gxf6 33. Rg3+ Kf7 34. Bh6 Re8 35. Rg7+ Ke6 36. Re1+ Kf5 37. Rxe8 c4
38. g4# { Black checkmated } 1-0

[Event "ICC tourney 2347 (3 2)"]
[Site "Internet Chess Club"]
[Date "2021.01.29"]
[Round "4"]
[White "LionsWilliamH"]
[Black "OwenMc2015"]
[Result "1-0"]
[ICCResult "Black checkmated"]
[WhiteElo "604"]
[BlackElo "109"]
[Opening "Giuoco Piano: four knights variation"]
[ECO "C47"]
[NIC "KP.06"]
[Time "19:42:49"]
[PlyCount "77"]
[TimeControl "180+2"]

1. e4 e5 2. Nf3 Nc6 3. Nc3 Nf6 4. Bc4 Bc5 5. Ng5 O-O 6. Nf3 Na5 7. O-O Nh5
8. d4 exd4 9. Nxd4 Nxc4 10. Qxh5 g6 11. Qxc5 Nb6 12. Bg5 f6 13. Bf4 g5 14.
Bxc7 Qe7 15. Qxe7 Nc4 16. Nf5 Rf7 17. Qe8+ Rf8 18. Qxf8+ Kxf8 19. Bd6+ Kf7
20. Nh6+ Ke6 21. Bc5 Nd2 22. Rfd1 Nc4 23. Nf5 Ne5 24. Rd6+ Kf7 25. Nh6+ Kg6
26. Ng8 Kf7 27. h3 Kxg8 28. Rxf6 Nc4 29. Rf8+ Kg7 30. g3 Kh6 31. h4 gxh4
32. gxh4 Kh5 33. Rg8 Kxh4 34. Kg2 d6 35. Bd4 Nd2 36. Bf6+ Kh5 37. Kg3 Kh6
38. Kh4 Be6 39. Bg5# { Black checkmated } 1-0

[Event "ICC tourney 2347 (3 2)"]
[Site "Internet Chess Club"]
[Date "2021.01.29"]
[Round "4"]
[White "atharvamchess"]
[Black "tinyattacker"]
[Result "1-0"]
[ICCResult "Black resigns"]
[WhiteElo "1446"]
[BlackElo "1216"]
[Opening "Queen's pawn: London system"]
[ECO "A45"]
[NIC "QP.07"]
[Time "19:41:51"]
[PlyCount "97"]
[TimeControl "180+2"]

1. d4 Nf6 2. Bf4 g6 3. e3 Bg7 4. Bd3 d5 5. Nf3 O-O 6. c3 Nbd7 7. O-O c5 8.
Nbd2 c4 9. Bc2 Nb6 10. e4 dxe4 11. Nxe4 Nxe4 12. Bxe4 Nd5 13. Bg3 Nf6 14.
Re1 Nxe4 15. Rxe4 Bf5 16. Re1 Bf6 17. Be5 Bxe5 18. Nxe5 Qb6 19. Nxc4 Qc6
20. Ne3 Be6 21. d5 Bxd5 22. Qxd5 Qxd5 23. Nxd5 e6 24. Ne3 Rfd8 25. Red1 a6
26. Rxd8+ Rxd8 27. Rd1 Rxd1+ 28. Nxd1 Kf8 29. f3 Ke7 30. Kf2 Kd6 31. Ne3 f5
32. f4 b5 33. b3 a5 34. Ke2 Kc5 35. Kd3 b4 36. cxb4+ Kxb4 37. Nc4 Kb5 38.
a3 a4 39. bxa4+ Kxa4 40. Ne5 Kxa3 41. Nf7 Kb4 42. Ng5 h6 43. Nxe6 Kb5 44.
Nf8 g5 45. fxg5 hxg5 46. Nh7 g4 47. Kd4 Kc6 48. Ke5 Kc5 49. Kxf5 { Black
resigns } 1-0

[Event "ICC tourney 2347 (3 2)"]
[Site "Internet Chess Club"]
[Date "2021.01.29"]
[Round "4"]
[White "escape18"]
[Black "summermonkey291"]
[Result "1-0"]
[ICCResult "Black checkmated"]
[WhiteElo "1328"]
[BlackElo "1099"]
[Opening "Queen's gambit declined"]
[ECO "D30"]
[NIC "QP.08"]
[Time "19:42:01"]
[PlyCount "93"]
[TimeControl "180+2"]

1. d4 d5 2. c4 e6 3. e3 Nf6 4. Nc3 Bb4 5. Bd3 c5 6. dxc5 dxc4 7. Bxc4 Qxd1+
8. Kxd1 Bxc5 9. Bd2 Nc6 10. Kc2 Nb4+ 11. Kb3 a5 12. a3 Nc6 13. Bb5 Bd7 14.
Rc1 Rb8 15. Ne4 Bb6 16. Nxf6+ gxf6 17. Nf3 Ra8 18. Rhd1 Na7 19. Bxd7+ Kxd7
20. Bxa5+ Ke8 21. Bxb6 Nc6 22. Nd4 Nxd4+ 23. Rxd4 e5 24. Rdc4 Ra6 25. Rc8+
Kd7 26. Rxh8 Rxb6+ 27. Ka2 Rd6 28. Rxh7 Rd2 29. Rxf7+ Ke6 30. Rxb7 Rxf2 31.
Rb6+ Kf5 32. g4+ Kxg4 33. Rg1+ Kh3 34. Rb8 Kxh2 35. Rg6 Rf3 36. Rh8+ Rh3
37. Rxh3+ Kxh3 38. Rxf6 Kg4 39. a4 Kg5 40. Rf1 Kg4 41. a5 Kg3 42. a6 Kg2
43. Rf8 Kg3 44. a7 Kg4 45. a8=Q Kg5 46. Qg2+ Kh6 47. Rh8# { Black
checkmated } 1-0

[Event "ICC tourney 2347 (3 2)"]
[Site "Internet Chess Club"]
[Date "2021.01.29"]
[Round "4"]
[White "IcePotato"]
[Black "elMo17"]
[Result "1-0"]
[ICCResult "Black checkmated"]
[WhiteElo "1298"]
[BlackElo "1786"]
[Opening "QGA: Linares variation"]
[ECO "D20"]
[NIC "QG.04"]
[Time "19:42:36"]
[PlyCount "119"]
[TimeControl "180+2"]

1. d4 d5 2. c4 dxc4 3. e4 c5 4. d5 Nf6 5. Nc3 b5 6. Bf4 Qa5 7. e5 b4 8.
exf6 bxc3 9. bxc3 Qxc3+ 10. Bd2 Qxf6 11. Bxc4 Nd7 12. Nf3 Nb6 13. Bb5+ Bd7
14. Bxd7+ Nxd7 15. O-O g6 16. Bg5 Qd6 17. Qd3 Bg7 18. Rac1 O-O 19. Rfe1 Nf6
20. Qe3 Nxd5 21. Qxc5 Qxc5 22. Rxc5 e6 23. h3 h6 24. Bh4 Nc3 25. Bg3 Rfc8
26. Rxc8+ Rxc8 27. Be5 Bxe5 28. Nxe5 Nxa2 29. Rd1 Rc7 30. Rd2 Nb4 31. Rb2
a5 32. Kh2 Kf8 33. Kg3 Ke7 34. Kf4 Rc4+ 35. Nxc4 Nd3+ 36. Ke3 Nxb2 37. Nxb2
Kd6 38. Kd4 Kc6 39. Kc4 Kb6 40. f4 f6 41. g4 g5 42. fxg5 fxg5 43. Kd4 Kc6
44. Ke5 Kc5 45. Kxe6 Kd4 46. Kf5 Ke3 47. Kg6 Kf3 48. Kxh6 Kg3 49. Kxg5 Kxh3
50. Kf4 Kh4 51. g5 Kh5 52. Kf5 a4 53. Nxa4 Kh4 54. g6 Kh3 55. g7 Kh4 56.
g8=Q Kh3 57. Qg5 Kh2 58. Kf4 Kh1 59. Kf3 Kh2 60. Qg2# { Black checkmated }
1-0

[Event "ICC tourney 2347 (3 2)"]
[Site "Internet Chess Club"]
[Date "2021.01.29"]
[Round "4"]
[White "GlibNest"]
[Black "Kyle2007"]
[Result "0-1"]
[ICCResult "White resigns"]
[WhiteElo "1502"]
[BlackElo "2038"]
[Opening "Sicilian: wing gambit, Marshall variation"]
[ECO "B20"]
[NIC "SI.48"]
[Time "19:42:03"]
[PlyCount "120"]
[TimeControl "180+2"]

1. e4 c5 2. b4 cxb4 3. a3 d5 4. exd5 Qxd5 5. d4 e5 6. dxe5 Qxe5+ 7. Qe2 Bd6
8. Bb2 Qxe2+ 9. Bxe2 Nf6 10. Bxf6 gxf6 11. Nf3 Nc6 12. c3 bxc3 13. Nxc3 Ne5
14. Nd5 Nxf3+ 15. Bxf3 Be5 16. Rc1 Be6 17. Nc7+ Bxc7 18. Rxc7 Rc8 19. Rxc8+
Bxc8 20. O-O O-O 21. h3 Rd8 22. Re1 Kf8 23. Rb1 b6 24. Kf1 Bf5 25. Rb4 Ke7
26. Ke2 Rc8 27. Bg4 Rc2+ 28. Ke1 Be6 29. Re4 Ra2 30. Re3 Kd6 31. Bxe6 fxe6
32. g4 e5 33. h4 h6 34. Rf3 Ke6 35. Re3 Rc2 36. f3 Kd5 37. Kd1 Rc4 38. Kd2
Rd4+ 39. Kc3 b5 40. Re2 a5 41. Rg2 Rf4 42. Rg3 Kc5 43. g5 fxg5 44. hxg5
hxg5 45. Rxg5 Rxf3+ 46. Kb2 Re3 47. a4 b4 48. Rg4 Ra3 49. Rg5 Kd5 50. Rg8
Rxa4 51. Rd8+ Ke4 52. Rd1 Ra3 53. Re1+ Re3 54. Rc1 Re2+ 55. Kb3 Kf3 56. Ka4
e4 57. Kxa5 b3 58. Kb4 b2 59. Rb1 e3 60. Kc3 Rf2 { White resigns } 0-1

[Event "ICC tourney 2347 (3 2)"]
[Site "Internet Chess Club"]
[Date "2021.01.29"]
[Round "5"]
[White "tinyattacker"]
[Black "escape18"]
[Result "1-0"]
[ICCResult "Black checkmated"]
[WhiteElo "1216"]
[BlackElo "1328"]
[Opening "Philidor: Nimzovich variation"]
[ECO "C41"]
[NIC "KP.08"]
[Time "19:54:09"]
[PlyCount "21"]
[TimeControl "180+2"]

1. e4 e5 2. Nf3 d6 3. d4 Nf6 4. dxe5 Nxe4 5. Bf4 Nc6 6. Bc4 Be6 7. Bd5 Bxd5
8. Qxd5 Nc5 9. exd6 cxd6 10. Ng5 Nb4 11. Qxf7# { Black checkmated } 1-0

[Event "ICC tourney 2347 (3 2)"]
[Site "Internet Chess Club"]
[Date "2021.01.29"]
[Round "5"]
[White "marksheinin"]
[Black "LionsWilliamH"]
[Result "0-1"]
[ICCResult "White checkmated"]
[WhiteElo "693"]
[BlackElo "604"]
[Opening "Scandinavian (center counter) defense"]
[ECO "B01"]
[NIC "SD.01"]
[Time "19:54:54"]
[PlyCount "30"]
[TimeControl "180+2"]

1. e4 d5 2. exd5 Qxd5 3. Nc3 Qa5 4. Nf3 Nf6 5. Bc4 c6 6. O-O Bf5 7. Ng5 e6
8. Re1 Bd6 9. d4 Qc7 10. Qe2 Bxh2+ 11. Kf1 Nbd7 12. g3 Bxg3 13. fxg3 Qxg3
14. Nf3 Bh3+ 15. Qg2 Qxg2# { White checkmated } 0-1

[Event "ICC tourney 2347 (3 2)"]
[Site "Internet Chess Club"]
[Date "2021.01.29"]
[Round "5"]
[White "predatorx"]
[Black "IcePotato"]
[Result "1-0"]
[ICCResult "Black checkmated"]
[WhiteElo "1815"]
[BlackElo "1298"]
[Opening "Dutch defense"]
[ECO "A40"]
[NIC "QO.17"]
[Time "19:54:43"]
[PlyCount "51"]
[TimeControl "180+2"]

1. d4 e6 2. c4 f5 3. Nf3 d5 4. cxd5 exd5 5. Nc3 c6 6. Bf4 Nf6 7. Ne5 Bd6 8.
e3 Nbd7 9. Nxc6 bxc6 10. Bxd6 Nb6 11. Bc5 Ne4 12. Nxe4 fxe4 13. Qh5+ g6 14.
Qe5+ Kd7 15. Qg7+ Ke6 16. g3 Kf5 17. Bh3+ Kg5 18. Be7+ Qxe7 19. Qxe7+ Kh6
20. g4 Ba6 21. g5+ Kh5 22. Rg1 Rae8 23. Bg4+ Kh4 24. Qg7 Kxg5 25. h4+ Kxh4
26. Qh6# { Black checkmated } 1-0

[Event "ICC tourney 2347 (3 2)"]
[Site "Internet Chess Club"]
[Date "2021.01.29"]
[Round "5"]
[White "Kyle2007"]
[Black "Xuanli28"]
[Result "1/2-1/2"]
[ICCResult "Game drawn by repetition"]
[WhiteElo "2038"]
[BlackElo "2252"]
[Opening "Sicilian: Prins (Moscow) variation"]
[ECO "B55"]
[NIC "SI.01"]
[Time "19:53:59"]
[PlyCount "98"]
[TimeControl "180+2"]

1. e4 c5 2. Nf3 d6 3. d4 cxd4 4. Nxd4 Nf6 5. f3 g6 6. c4 Bg7 7. Nc3 Nc6 8.
Be3 O-O 9. Be2 Nxd4 10. Bxd4 Be6 11. O-O Rc8 12. b3 a6 13. Rc1 Qa5 14. Qd2
Rfe8 15. a4 Nd7 16. Bxg7 Kxg7 17. Qd4+ f6 18. Rb1 Qc5 19. Qxc5 Nxc5 20.
Rfc1 Nd7 21. Kf2 f5 22. Ke3 Bf7 23. Bd3 Kf6 24. h4 e5 25. Nd5+ Bxd5 26.
cxd5 Rxc1 27. Rxc1 Nc5 28. Bc4 f4+ 29. Kf2 Rb8 30. a5 b5 31. axb6 Rxb6 32.
Ra1 g5 33. hxg5+ Kxg5 34. Kg1 Kh4 35. Kh2 Kg5 36. Kh3 h5 37. Kh2 Kf6 38.
Kh3 Kg5 39. Ra3 Kg6 40. Kh4 Kh6 41. Kh3 Kg5 42. Ra2 Kf6 43. Kh4 Kg6 44. Ra3
Kh6 45. Ra2 Kg6 46. Ra3 Kh6 47. Ra2 Kg6 48. Ra3 Kh6 49. Ra2 Kg6 { Game
drawn by repetition } 1/2-1/2

[Event "ICC tourney 2347 (3 2)"]
[Site "Internet Chess Club"]
[Date "2021.01.29"]
[Round "5"]
[White "SimonMango"]
[Black "YertletheTurtle"]
[Result "0-1"]
[ICCResult "White forfeits on time"]
[WhiteElo "1149"]
[BlackElo "1569"]
[Opening "English: symmetrical variation"]
[ECO "A35"]
[NIC "EO.64"]
[Time "19:54:01"]
[PlyCount "80"]
[TimeControl "180+2"]

1. c4 c5 2. Nc3 Nc6 3. Nf3 g6 4. d3 Bg7 5. Bf4 d6 6. g3 e5 7. Bg5 Nge7 8.
Nd5 h6 9. Bd2 O-O 10. Bg2 Kh7 11. Nxe7 Qxe7 12. O-O f5 13. Qc1 Nd4 14. Nxd4
exd4 15. e4 dxe3 16. Bxe3 Be6 17. Rb1 Rab8 18. b3 Rfe8 19. Re1 Qd7 20. Qd2
b6 21. d4 Rbd8 22. d5 Bf7 23. Bf3 a6 24. Kg2 b5 25. cxb5 axb5 26. a3 Qa7
27. Qa2 Re5 28. b4 Qb6 29. a4 bxa4 30. bxc5 Qa5 31. cxd6 Bxd5 32. Bxd5 Rxd5
33. Bf4 g5 34. Be3 R5xd6 35. Red1 Rxd1 36. Rxd1 Rxd1 37. Qf7 Qa8+ 38. f3
Qd5 39. Qh5 Qa2+ 40. Kh3 Rh1 { White forfeits on time } 0-1

[Event "ICC tourney 2347 (3 2)"]
[Site "Internet Chess Club"]
[Date "2021.01.29"]
[Round "5"]
[White "elMo17"]
[Black "DavidNest"]
[Result "0-1"]
[ICCResult "White checkmated"]
[WhiteElo "1786"]
[BlackElo "1270"]
[Opening "Dutch"]
[ECO "A80"]
[NIC "HD.12"]
[Time "19:54:06"]
[PlyCount "136"]
[TimeControl "180+2"]

1. d4 f5 2. Nf3 Nf6 3. e3 g6 4. Be2 Bg7 5. O-O O-O 6. c4 d6 7. Nc3 Nbd7 8.
b3 Qe8 9. Bb2 e5 10. dxe5 dxe5 11. Nd5 Nxd5 12. Qxd5+ Kh8 13. Rad1 e4 14.
Bxg7+ Kxg7 15. Ng5 Nf6 16. Qd4 Qd7 17. Qxd7+ Bxd7 18. Rxd7+ Nxd7 19. Ne6+
Kf7 20. Nxf8 Kxf8 21. Rd1 Ke7 22. b4 a5 23. b5 b6 24. f3 exf3 25. Bxf3 Re8
26. Bc6 Rd8 27. Kf2 Nc5 28. Bd5 Ne4+ 29. Kf3 Nc3 30. Rd2 Nxd5 31. cxd5 Kd6
32. a4 Kc5 33. Rc2+ Kb4 34. Rxc7 Kxa4 35. e4 Kxb5 36. Rxh7 a4 37. Ra7 Kb4
38. Ke3 Re8 39. e5 Rxe5+ 40. Kd4 Re4+ 41. Kd3 Kc5 42. Rd7 Rd4+ 43. Kc3 Rxd5
44. Rc7+ Kb5 45. Rc4 Rc5 46. Rxc5+ bxc5 47. Kb2 Kb4 48. Ka2 c4 49. Kb2 a3+
50. Ka2 Kc3 51. Kxa3 Kd2 52. Kb2 c3+ 53. Kb1 c2+ 54. Ka2 c1=Q 55. Kb3 Qc3+
56. Ka4 Qh3 57. gxh3 f4 58. h4 f3 59. h5 gxh5 60. h4 f2 61. Kb3 f1=Q 62.
Ka4 Qb1 63. Ka5 Kc3 64. Ka6 Kc4 65. Ka7 Kc5 66. Ka8 Kc6 67. Ka7 Qe4 68. Ka6
Qa4# { White checkmated } 0-1

[Event "ICC tourney 2347 (3 2)"]
[Site "Internet Chess Club"]
[Date "2021.01.29"]
[Round "5"]
[White "aarm2008"]
[Black "GlibNest"]
[Result "1-0"]
[ICCResult "Black checkmated"]
[WhiteElo "1709"]
[BlackElo "1502"]
[Opening "Vienna gambit"]
[ECO "C29"]
[NIC "VG.04"]
[Time "19:54:19"]
[PlyCount "133"]
[TimeControl "180+2"]

1. e4 e5 2. Nc3 Nf6 3. f4 exf4 4. e5 Ng8 5. Nf3 d6 6. Bc4 Nc6 7. d4 dxe5 8.
dxe5 Qxd1+ 9. Kxd1 Bg4 10. Bxf4 Nd4 11. Rf1 O-O-O 12. Kc1 Nxf3 13. gxf3 Bh5
14. e6 Rd4 15. exf7 Nf6 16. Be6+ Kb8 17. Be5 Rh4 18. Rd1 Be7 19. Nd5 Nxd5
20. Rxd5 Bxf3 21. Rd7 Bg5+ 22. Kb1 Bf6 23. Bxf6 Rxh2 24. Bg5 Rh1+ 25. Bc1
Rf8 26. Re7 Bc6 27. Bd7 Bxd7 28. Rxd7 Kc8 29. Re7 Kd8 30. Re8+ Rxe8 31.
fxe8=Q+ Kxe8 32. b3 h5 33. Kb2 h4 34. Bg5 Rxa1 35. Kxa1 h3 36. Bf4 g5 37.
Bh2 g4 38. Kb1 c6 39. Kc1 Ke7 40. Kd2 Kf6 41. Ke3 Kf5 42. c3 b6 43. a3 a6
44. a4 a5 45. b4 Kg5 46. bxa5 bxa5 47. c4 Kh4 48. Kf4 Kh5 49. Bg3 c5 50.
Kf5 h2 51. Bxh2 Kh4 52. Kf4 Kh3 53. Bg3 Kg2 54. Kxg4 Kf1 55. Kf4 Ke2 56.
Ke4 Kd2 57. Kd5 Kc3 58. Kxc5 Kb3 59. Kb5 Ka3 60. c5 Kb3 61. c6 Ka3 62. c7
Ka2 63. c8=Q Kb2 64. Be5+ Ka2 65. Qc4+ Ka3 66. Qc3+ Ka2 67. Qb2# { Black
checkmated } 1-0

[Event "ICC tourney 2347 (3 2)"]
[Site "Internet Chess Club"]
[Date "2021.01.29"]
[Round "5"]
[White "atharvamchess"]
[Black "sushimonster"]
[Result "1-0"]
[ICCResult "Black checkmated"]
[WhiteElo "1446"]
[BlackElo "1510"]
[Opening "Queen's pawn, Mason variation"]
[ECO "D00"]
[NIC "QP.08"]
[Time "19:54:25"]
[PlyCount "131"]
[TimeControl "180+2"]

1. d4 d5 2. Bf4 Nf6 3. e3 Bf5 4. Bd3 Bxd3 5. Qxd3 e6 6. c3 Bd6 7. Bg3 h6 8.
Nf3 O-O 9. O-O c6 10. Nbd2 Bxg3 11. hxg3 Nbd7 12. e4 c5 13. exd5 Nxd5 14.
Qe2 Qf6 15. Ne4 Qe7 16. dxc5 Nxc5 17. Nxc5 Qxc5 18. Rfd1 Rfd8 19. c4 Nb4
20. a3 Nc6 21. b4 Qb6 22. c5 Qc7 23. Rd2 Rxd2 24. Qxd2 Rd8 25. Qc2 Ne5 26.
Nxe5 Qxe5 27. Rd1 Rd5 28. Rxd5 Qxd5 29. f3 Qd4+ 30. Kf1 Qa1+ 31. Kf2 Qxa3
32. b5 Qa5 33. c6 bxc6 34. bxc6 Qc7 35. Qc5 f6 36. Qb5 Kf8 37. Qb7 Qe5 38.
Qc8+ Kf7 39. Qd7+ Kg6 40. Kg1 Qc5+ 41. Kh2 Qh5+ 42. Kg1 Qc5+ 43. Kf1 Qc1+
44. Ke2 Qc2+ 45. Ke3 Qc1+ 46. Ke4 Qe1+ 47. Kd3 Qd1+ 48. Kc4 Qc2+ 49. Kb5
Qb3+ 50. Ka6 Qa4+ 51. Kb7 Qb5+ 52. Kc8 Qa6+ 53. Kd8 Qb6+ 54. c7 a5 55. Ke8
a4 56. c8=Q a3 57. Qc2+ Kg5 58. Qdd2+ Kh5 59. g4+ Kh4 60. Qf2+ Qxf2 61.
Qxf2+ Kg5 62. f4+ Kxg4 63. Qf3+ Kf5 64. g4+ Kg6 65. f5+ exf5 66. Qxf5# {
Black checkmated } 1-0

[Event "ICC tourney 2347 (3 2)"]
[Site "Internet Chess Club"]
[Date "2021.01.29"]
[Round "6"]
[White "escape18"]
[Black "bananaplaychess"]
[Result "1-0"]
[ICCResult "Black resigns"]
[WhiteElo "1328"]
[BlackElo "610"]
[Opening "QGD Slav defense"]
[ECO "D10"]
[NIC "SL.01"]
[Time "20:08:26"]
[PlyCount "35"]
[TimeControl "180+2"]

1. d4 d5 2. c4 c6 3. Nc3 Nf6 4. Bg5 h6 5. Bh4 g5 6. Bg3 Bg7 7. Nf3 O-O 8.
e3 Bf5 9. Bd3 Bxd3 10. Qxd3 Qd7 11. Ne5 Qe6 12. O-O Ne4 13. cxd5 cxd5 14.
Nxe4 dxe4 15. Qxe4 Nc6 16. d5 Qd6 17. dxc6 Qg6 18. Nxg6 { Black resigns }
1-0

[Event "ICC tourney 2347 (3 2)"]
[Site "Internet Chess Club"]
[Date "2021.01.29"]
[Round "6"]
[White "GlibNest"]
[Black "tinyattacker"]
[Result "1-0"]
[ICCResult "Black checkmated"]
[WhiteElo "1502"]
[BlackElo "1216"]
[Opening "KGA: Abbazia defense, modern variation"]
[ECO "C36"]
[NIC "KG.02"]
[Time "20:08:21"]
[PlyCount "35"]
[TimeControl "180+2"]

1. e4 e5 2. f4 exf4 3. Nf3 d5 4. exd5 Nf6 5. Nc3 Nxd5 6. d4 Nxc3 7. bxc3
Bd6 8. Bc4 O-O 9. O-O Bg4 10. Rb1 b6 11. h3 Bh5 12. Bd5 c6 13. Be4 Re8 14.
Re1 Qc7 15. Bxh7+ Kxh7 16. Rxe8 Bxf3 17. Qxf3 Qd7 18. Qh5# { Black
checkmated } 1-0

[Event "ICC tourney 2347 (3 2)"]
[Site "Internet Chess Club"]
[Date "2021.01.29"]
[Round "6"]
[White "sushimonster"]
[Black "IcePotato"]
[Result "0-1"]
[ICCResult "White checkmated"]
[WhiteElo "1510"]
[BlackElo "1298"]
[Opening "French: exchange variation"]
[ECO "C01"]
[NIC "FR.01"]
[Time "20:09:17"]
[PlyCount "50"]
[TimeControl "180+2"]

1. e4 e6 2. d4 d5 3. exd5 exd5 4. Bd3 c5 5. dxc5 Bxc5 6. Ne2 Nf6 7. Bg5 Nc6
8. c3 Be6 9. Nd2 O-O 10. O-O h6 11. Bh4 d4 12. Nb3 Bb6 13. cxd4 Nxd4 14.
Nexd4 Bxd4 15. Nxd4 Qxd4 16. Bh7+ Kxh7 17. Qd2 Qxd2 18. b3 Qd4 19. Bg3 Ne4
20. Rfd1 Qf6 21. f3 Nxg3 22. hxg3 Rfd8 23. Rf1 Qd4+ 24. Kh1 Rd5 25. Rac1
Rh5# { White checkmated } 0-1